 Dungeon Crawl Stone Soup version 0.28.0-53-g5a82cb258f (webtiles) character file.

Game seed: 5709586766723724608

484 Groucho the Ducker (level 7, -5/50 HPs)
             Began as a Djinni Hedge Wizard on June 7, 2022.
             Was an Initiate of Dithmenos.
             Slain by Menkaure (21 damage)
             ... on level 4 of the Dungeon.
             The game lasted 00:15:33 (11002 turns).

Groucho the Ducker (Djinni Hedge Wizard)           Turns: 11002, Time: 00:15:35

Health: -5/50      AC:  4    Str:  9    XL:     7   Next: 35%
Gold:   134        EV: 13    Int: 18    God:    Dithmenos [......] SH:  0 Dex: 10

rFire   + + .      SeeInvis .   f - +1 short sword (venom)
rCold   x . .      Faith    .   (no shield)
rNeg    . . .      Spirit   .   b - +0 robe
rPois   ∞          Reflect  .   c - +0 hat
rElec   .          Harm     .   (no cloak)
rCorr   .          Rampage  .   t - +1 pair of gloves
Will    .....      Clarity  +   (boots unavailable)
Stlth   ++........              (no amulet)
HPRegen 0.16/turn               (no ring)
MPRegen 0.00/turn               (no ring)

@: flying, very slightly contaminated
A: sickness immunity, fire resistance 2, cold vulnerability 1, float, innate
caster, HP casting, extra vitality 1, horns 1, clarity, clumsy 1
a: Renounce Religion


You were on level 4 of the Dungeon.
You worshipped Dithmenos.
Dithmenos was noncommittal.
You visited 2 branches of the dungeon, and saw 5 of its levels.

You collected 134 gold pieces.

Inventory:

Hand Weapons
 f - a +1 short sword of venom (weapon)
 q - a +4 dagger
Missiles
 o - 16 poisoned darts
Armour
 b - a +0 robe (worn)
 c - a +0 hat (worn)
 t - a +1 pair of gloves (worn)
Magical Staves
 e - a staff of fire
Scrolls
 a - a scroll of fog {unknown}
 g - 2 scrolls of noise {unknown}
 i - 2 scrolls of teleportation {unknown}
 j - 2 scrolls of immolation {unknown}
 l - 3 scrolls of identify {unknown}
 n - a scroll of vulnerability {unknown}
 p - a scroll of torment {unknown}
 r - a scroll of amnesia {unknown}
Potions
 d - 3 potions of mutation


   Skills:
 + Level 3.2 Fighting
 - Level 0.1 Short Blades
 + Level 4.4 Dodging
 + Level 3.6 Stealth
 + Level 3.6 Spellcasting


You couldn't memorise any spells.
You knew the following spells:

 Your Spells              Type           Power      Damage    Failure   Level
a - Magic Dart            Conj           64%        1d6       3%          1
b - Blink                 Tloc           32%        N/A       5%          2
c - Call Imp              Summ           16%        N/A       5%          2
d - Slow                  Hex            64%        N/A       3%          1
e - Conjure Flame         Conj/Fire      16%        6-21      11%         3
f - Mephitic Cloud        Conj/Pois/Air  16%        N/A       11%         3
g - Beastly Appendage     Tmut           32%        N/A       3%          1
h - Scorch                Fire           32%        2d6       5%          2
i - Swiftness             Air            16%        N/A       11%         3
Your spell library was empty.

Dungeon Overview and Level Annotations

Branches:
Dungeon (4/15)             Temple (1/1) D:4

Altars:
Ashenzari
Cheibriados
Dithmenos
Fedhas
Gozag
Hepliaklqana
Kikubaaqudgha
Makhleb
Nemelex Xobeh
Qazlal
Ru
Trog
Uskayaw
Vehumet
Xom
Yredelemnul
Zin

Annotations:
D:4 Menkaure


Innate Abilities, Weirdness & Mutations

You are immune to sickness and miasma.
You are immune to poison.
Your flesh is very heat resistant. (rF++)
You are vulnerable to cold. (rC-)
You float through the air rather than walking.
You learn spells naturally, not from books.
Your magical power is your life essence.
You have superior vitality. (+4 MHP)
You have a pair of small horns on your head.
You possess an exceptional clarity of mind.
You are clumsy. (Dex -2)


Message History

Confirm with . or Enter, or press ? or * to list all spells.
Aiming: Magic Dart (safe; 3% risk of failure)
Press: ? - help, Shift-Dir - straight line, f/p - Menkaure
Aim: Menkaure (severely damaged, fast, slow, 100% to hit)
The magic dart hits Menkaure.
Menkaure is severely damaged.
Casting: Magic Dart (safe; 3% risk of failure)
Confirm with . or Enter, or press ? or * to list all spells.
Aiming: Magic Dart (safe; 3% risk of failure)
Press: ? - help, Shift-Dir - straight line, f/p - Menkaure
Aim: Menkaure (severely damaged, fast, slow, 100% to hit)
The magic dart hits Menkaure but does no damage.
Menkaure is severely damaged.
Casting: Magic Dart (safe; 3% risk of failure)
Confirm with . or Enter, or press ? or * to list all spells.
Aiming: Magic Dart (safe; 3% risk of failure)
Press: ? - help, Shift-Dir - straight line, f/p - Menkaure
Aim: Menkaure (severely damaged, fast, slow, 100% to hit)
The magic dart hits Menkaure but does no damage.
Menkaure is severely damaged.
Menkaure gestures at you while chanting.
Pain shoots through your body!
Casting: Magic Dart (safe; 3% risk of failure)
Confirm with . or Enter, or press ? or * to list all spells.
Aiming: Magic Dart (safe; 3% risk of failure)
Press: ? - help, Shift-Dir - straight line, f/p - Menkaure
Aim: Menkaure (severely damaged, fast, slow, 100% to hit)
You miscast Magic Dart.
You are very lightly contaminated with residual magic.
Nothing appears to happen.
Menkaure completely misses you.
Casting: Magic Dart (safe; 3% risk of failure)
Confirm with . or Enter, or press ? or * to list all spells.
Aiming: Magic Dart (safe; 3% risk of failure)
Press: ? - help, Shift-Dir - straight line, f/p - Menkaure
Aim: Menkaure (severely damaged, fast, slow, 100% to hit)
The magic dart hits Menkaure.
Menkaure is almost destroyed.
* * * LOW HITPOINT WARNING * * *
Menkaure hits you!!
You die...

...... .. ... #......... ... ( #
... .. .... . ..###.# ...#.##
#..#. #..#..## . ...#.#. ....#.#
#..?...##.. .......
.......##.........# .....#
.b................##.###...#
............b@M.....#.........
..........##......>....>.......
...........#.........#.........
..................#####........
###.......#..##.....####..###...÷
..........#..#....####<....##....
...........................#.....
.....................#...........
............##......#...........


You could see Menkaure (fast, slow).

Vanquished Creatures
  Edmund (D:4)
  Duvessa (D:4)
  Dowan (D:4)
  An orc priest (D:3)
  A bullfrog skeleton (D:4)
  An orc wizard (D:3)
  A hound skeleton (D:4)
  3 adders
  2 worms
  3 dart slugs
  3 orcs
  9 ball pythons
  5 bats
  4 endoplasms
  6 giant cockroaches
  7 goblins
  4 hobgoblins
  3 jackals (D:1)
  13 kobolds
  4 quokkas
  9 frilled lizards
  6 rats
88 creatures vanquished.

Vanquished Creatures (others)
  5 withered plants (D:3)
5 creatures vanquished.

Grand Total: 93 creatures vanquished

Notes
Turn   | Place    | Note
-------+----------+-------------------------------------------
     0 | D:1      | Groucho the Djinni Hedge Wizard began the quest for the
                  | Orb.
     0 | D:1      | Reached XP level 1. HP: 15/15 MP: 0/0
  1121 | D:1      | Reached XP level 2. HP: 12/21 MP: 0/0
  2367 | D:1      | Reached XP level 3. HP: 23/26 MP: 0/0
  2367 | D:1      | Learned a level 1 spell: Beastly Appendage
  3279 | D:1      | Reached skill level 1 in Fighting
  4407 | D:2      | Reached XP level 4. HP: 25/32 MP: 0/0
  4629 | D:2      | Reached skill level 3 in Dodging
  5564 | D:2      | Found a faded altar of an unknown god.
  5982 | D:3      | HP: 1/32 [frozen (6)]
  5987 | D:2      | Gained mutation: You possess an exceptional clarity of
                  | mind. [potion of mutation]
  5987 | D:2      | Gained mutation: You are clumsy. (Dex -2) [potion of
                  | mutation]
  5987 | D:2      | Gained mutation: You have a pair of small horns on your
                  | head. [potion of mutation]
  7196 | D:3      | Reached XP level 5. HP: 20/38 MP: 0/0
  7196 | D:3      | Learned a level 2 spell: Scorch
  7906 | D:3      | HP: 1/38 [orc priest/divine providence (12)]
  8286 | D:4      | Noticed Duvessa
  8289 | D:4      | Noticed Dowan
  8878 | D:4      | Killed Dowan
  8879 | D:4      | Reached XP level 6. HP: 13/43 MP: 0/0
  8885 | D:4      | Killed Duvessa
  8886 | D:4      | Reached skill level 4 in Dodging
  9654 | D:4      | Noticed Edmund
  9676 | D:4      | Killed Edmund
  9677 | D:4      | Reached XP level 7. HP: 22/50 MP: 0/0
  9677 | D:4      | Learned a level 3 spell: Swiftness
 10505 | D:4      | Found a staircase to the Ecumenical Temple.
 10535 | Temple   | Entered the Ecumenical Temple
 10794 | Temple   | Became a worshipper of Dithmenos the Shadowed
 10987 | D:4      | Noticed Menkaure
 11002 | D:4      | Slain by Menkaure

Illustrated notes

Levels and vault maps discovered:
D:1:      elethiomel_arrival_shortcut, layout_rooms, minmay_liquid_box,
          st_stairs_8
D:2:      layout_loops_corners, shapermc_ecumenical_altar_hornbeckon
D:3:      layout_basic, kiku_gazebo_garden_becter
D:4:      layout_cave_pools, minmay_temple_entry_butterflies,
          nicolae_elevator_lobby_asterisk, uniq_edmund, uniq_menkaure,
          uniq_duvessa
Temple:   nicolae_temple_elliptical

Skill      XL: |  1  2  3  4  5  6 |
---------------+-------------------+-----
Stealth        | 2 3 |  3.6
Fighting       | 1 2 3 |  3.2
Dodging        | 3 4 |  4.4
Spellcasting   | 3 |  3.6
Short Blades   | |  0.1

Action                   |  1- 3 |  4- 6 |  7- 9 || total
-------------------------+-------+-------+-------++-------
Melee: Dagger            |    33 |     6 |       ||    39
       Short sword       |       |    22 |    14 ||    36
       Headbutt          |       |     8 |     3 ||    11
       Punch             |       |     1 |       ||     1
 Cast: Magic Dart        |    78 |   120 |    22 ||   220
       Mephitic Cloud    |       |     2 |       ||     2
       Slow              |       |       |     1 ||     1
  Use: Potion            |       |     8 |       ||     8
 Stab: Confused          |       |     1 |       ||     1
       Sleeping          |       |     1 |       ||     1
Armor: Robe              |     3 |    10 |     7 ||    20
Dodge: Dodged            |    32 |    29 |    12 ||    73
